 Dungeon Crawl Stone Soup version 0.17.1-2-g5865329 (webtiles) character file.

520 Goblin1989 the Martial Artist (level 7, -2/35 HPs)
             Began as a Vine Stalker Monk on Jan 26, 2016.
             Was an Initiate of Ru.
             Slain by an elf skeleton (3 damage)
             ... on level 4 of the Dungeon on Feb 7, 2016.
             The game lasted 00:12:58 (3013 turns).

Goblin1989 the Martial Artist (Vine Stalker Monk)   Turns: 3013, Time: 00:12:58

Health: -2/35      AC:  7    Str: 15    XL:     7   Next: 21%
Magic:  0/8        EV: 11    Int: 10    God:    Ru [......]
Gold:   195        SH:  0    Dex: 17    Spells: 0 memorised, 6 levels left

rFire  . . .     SeeInvis .       - Unarmed
rCold  . . .     Clarity  .     j - +1 ring mail
rNeg   . . .     SustAt   .     (no shield)
rPois  .         Gourm    .     e - +0 helmet
rElec  .         Spirit   +     (no cloak)
rCorr  .         Warding  .     (no gloves)
rMut   .         Stasis   .     (no boots)
MR     .....                    (no amulet)
Stlth  ++........               (no ring)
                                (no ring)

@: drained, not resistant to hostile enchantments, unstealthy
A: fangs 2, regeneration 2, magic shield, antimagic bite, no device heal 3, rot
immunity
a: Renounce Religion


You were on level 4 of the Dungeon.
You worshipped Ru.
Ru was noncommittal.
You were very hungry.

You visited 1 branch of the dungeon, and saw 4 of its levels.

You collected 195 gold pieces.

Inventory:

Missiles
 n - a tomahawk of dispersal (quivered)
Armour
 e - a +0 helmet (worn)
 j - a +1 ring mail (worn)
Wands
 g - a wand of flame (17)
 p - a wand of confusion (43)
Scrolls
 c - a scroll of blinking
 m - a scroll of fog
 q - a scroll of enchant weapon
Potions
 d - 3 potions of curing
 i - a potion of magic
 l - a potion of poison {unknown}
 s - a potion of might {unknown}
Comestibles
 b - 3 bread rations
 h - 5 fruits


   Skills:
 - Level 2.6 Fighting
 - Level 2.4(2.3) Dodging
 - Level 2.4(2.3) Stealth
 * Level 8.5(8.4) Unarmed Combat


You had 6 spell levels left.
You didn't know any spells.

Dungeon Overview and Level Annotations

Branches:
Dungeon (4/15)
 Temple: D:4-7

Altars:
Cheibriados
Ru

Portals:
Ossuary: D:4

Annotations:
D:4 emiel's ghost, amateur FoAs


Innate Abilities, Weirdness & Mutations

You have extremely sharp teeth.
You heal very quickly.
When hurt, damage is shared between your health and your magic reserves.
Your bite disrupts and absorbs the magic of your enemies.
Potions and wands cannot restore your health.
You are immune to rotting.


Message History

The human zombie hits you.
* * * LOW HITPOINT WARNING * * *
The elf skeleton completely misses you.
Your ring mail prevents you from hitting the human zombie.
You bite the human zombie. You drain its power.
You feel invigorated.
Emiel's ghost wails.
You punch the human zombie! The human zombie hits you.
* * * LOW HITPOINT WARNING * * *
The elf skeleton hits you.
* * * LOW HITPOINT WARNING * * *
You hit the human zombie but do no damage.
Your bite misses the human zombie. The human zombie hits you.
* * * LOW HITPOINT WARNING * * *
The elf skeleton hits you.
* * * LOW HITPOINT WARNING * * *
You hit the human zombie but do no damage.
The human zombie hits you.
* * * LOW HITPOINT WARNING * * *
The elf skeleton hits you.
You die...

##### #.#.+
#+#'#'### #∩'...'.#
###Z..###
#.ZWZ.'.###########
###Z#'###.........#
#.Z@#.†.'.........#
#########..[......#
#..........#
#.......##'##
#......##≈$≈#
#.....##≈≈h≈≈
#....##≈≈...≈
######≈≈.#.#.
#≈≈.##.##


You could see emiel's ghost, an orc zombie, an elf zombie, a human zombie, an
orc skeleton and an elf skeleton.

Vanquished Creatures
  Sigmund (D:3)
  A hound (D:4)
  A human zombie (D:4)
  Ijyb (D:3)
  3 orc wizards
  8 adders
  A river rat (D:3)
  4 worms
  A giant gecko (D:2)
  11 orcs (D:3)
  2 giant cockroaches
  9 hobgoblins
  11 kobolds
  A ball python (D:3)
  8 bats
  4 giant newts
  8 goblins
  8 jackals
  A jackal skeleton (D:3)
  An orc zombie (D:4)
  3 quokkas
  16 rats
104 creatures vanquished.

Notes
Turn   | Place    | Note
--------------------------------------------------------------
     0 | D:1      | Goblin1989 the Vine Stalker Monk began the quest for the Orb.
     0 | D:1      | Reached XP level 1. HP: 11/11 MP: 2/2
   196 | D:1      | Reached XP level 2. HP: 16/16 MP: 3/3
   682 | D:1      | Reached XP level 3. HP: 10/19 MP: 2/4
   869 | D:1      | Reached skill level 5 in Unarmed Combat
   949 | D:2      | Found a sacrificial altar of Ru.
   970 | D:2      | Became a worshipper of Ru the Awakened
   983 | D:2      | Reached XP level 4. HP: 16/23 MP: 5/5
  1201 | D:2      | Found a snail-covered altar of Cheibriados.
  1790 | D:2      | Reached skill level 6 in Unarmed Combat
  1948 | D:2      | Reached XP level 5. HP: 22/27 MP: 6/6
  2216 | D:3      | Reached skill level 7 in Unarmed Combat
  2217 | D:3      | Gained mutation: You heal very quickly. [Vine Stalker growth]
  2217 | D:3      | Reached XP level 6. HP: 27/32 MP: 7/7
  2288 | D:3      | Noticed Sigmund
  2334 | D:3      | Killed Sigmund
  2430 | D:3      | Reached skill level 8 in Unarmed Combat
  2746 | D:3      | Noticed Ijyb
  2774 | D:3      | Killed Ijyb
  2774 | D:3      | Reached XP level 7. HP: 32/35 MP: 6/8
  2945 | D:4      | Noticed emiel's ghost (amateur FoAs)
  2990 | D:4      | Found a sand-covered staircase.
  3013 | D:4      | HP: 1/35 [human zombie (2)]
  3013 | D:4      | Slain by an elf skeleton

Action                   |  1- 3 |  4- 6 |  7- 9 || total
-------------------------+-------+-------+-------++-------
Melee: Unarmed           |    88 |   218 |    43 ||   349
Invok: Reject Sacrifices |       |     1 |       ||     1
  Use: Scroll            |       |     3 |     6 ||     9
 Stab: Sleeping          |     9 |     4 |       ||    13
  Eat: Chunk             |       |     5 |     1 ||     6
